 Dungeon Crawl Stone Soup version 0.19.5 (webtiles) character file.

16 tidbits the Covered (level 2, -3/20 HPs)
             Began as a High Elf Wanderer on Nov 17, 2017.
             Slain by Natasha (8 damage)
             ... on level 2 of the Dungeon.
             The game lasted 00:02:18 (197 turns).

tidbits the Covered (High Elf Wanderer)              Turns: 197, Time: 00:02:19

Health: -3/20      AC:  9    Str: 12    XL:     2   Next: 41%
Magic:  3/3        EV:  9    Int: 14    God:
Gold:   39         SH:  0    Dex: 14    Spells: 0 memorised, 1 level left

rFire  . . .     SeeInvis .     g - +0 short sword
rCold  . . .     Gourm    .     b - +2 scale mail
rNeg   . . .     Faith    .     (no shield)
rPois  .         Spirit   .     (no helmet)
rElec  .         Reflect  .     (no cloak)
rCorr  .         Harm     +     (no gloves)
MR     .....                    (no boots)
Stlth  ..........               h - amulet of harm
                                (no ring)
                                (no ring)

@: no status effects
A: no striking features
a: no special abilities


You were on level 2 of the Dungeon.
You were not hungry.

You visited 1 branch of the dungeon, and saw 2 of its levels.

You collected 39 gold pieces.

Inventory:

Hand Weapons
 a - a +0 hand axe
 g - a +0 short sword (weapon)
   (You took it off a kobold on level 2 of the Dungeon)
Armour
 b - a +2 scale mail (worn)
Jewellery
 h - an amulet of harm (around neck)
   (You found it on level 2 of the Dungeon)
Scrolls
 d - a scroll of teleportation
 e - a scroll of remove curse {unknown}
Comestibles
 c - a bread ration
 f - a meat ration


   Skills:
 + Level 2.3 Fighting
 - Level 1.0 Axes
 - Level 1.0 Throwing
 - Level 4.5 Armour
 + Level 1.9 Dodging
 - Level 1.1 Stealth


You had one spell level left.
You didn't know any spells.

Dungeon Overview and Level Annotations

Branches:
Dungeon (2/15)

Altars:
Fedhas

Annotations:
D:2 Natasha


Message History

The leopard gecko bites you.
The leopard gecko bites you but does no damage.
You closely miss the leopard gecko.
The leopard gecko is almost dead.
The leopard gecko barely misses you.
You barely miss the leopard gecko.
The leopard gecko is almost dead.
The leopard gecko bites you.
The leopard gecko bites you but does no damage.
You closely miss the leopard gecko.
The leopard gecko is almost dead.
The leopard gecko closely misses you.
Your scale mail prevents you from hitting the leopard gecko.
The leopard gecko is almost dead.
The leopard gecko bites you.
The leopard gecko bites you but does no damage.
You slash the leopard gecko!
You kill the leopard gecko!
The hobgoblin hits you but does no damage.
You closely miss the hobgoblin.
The hobgoblin hits you but does no damage.
You hit the hobgoblin.
The hobgoblin is heavily wounded.
The hobgoblin hits you with a club.
You hit the hobgoblin.
You kill the hobgoblin!
You now have 39 gold pieces (gained 9).
You see here a club.
e - a scroll labeled XUMEDO WUSYU
Found a stone staircase leading down.
There is a stone staircase leading down here.
You climb downwards.
A rat and a kobold come into view.
The kobold shouts!
The kobold throws a stone.
The stone misses you.
Found a stone.
There is a stone staircase leading up here.
The kobold throws a stone.
The stone closely misses you. The kobold closely misses you.
Found a meat ration.
You completely miss the kobold. The kobold hits you but does no damage.
You hit the kobold.
You kill the kobold!
Found a dagger.
Things that are here:
a short sword; a kobold corpse A leopard gecko comes into view.
The leopard gecko hisses angrily.
You see here a meat ration.
f - a meat ration You closely miss the rat.
The rat bites you.
You closely miss the rat. The rat barely misses you.
You hit the rat but do no damage. You miss the leopard gecko.
The leopard gecko closely misses you. The rat closely misses you.
The leopard gecko barely misses you.
You hit the rat but do no damage. You miss the leopard gecko.
The rat closely misses you.
The leopard gecko bites you but does no damage.
The leopard gecko bites you but does no damage.
You hit the leopard gecko.
The leopard gecko is moderately wounded.
The leopard gecko bites you but does no damage.
You hit the leopard gecko.
You kill the leopard gecko!
Your scale mail prevents you from hitting the rat.
The rat bites you.
You closely miss the rat. The rat bites you but does no damage.
You completely miss the rat. The rat bites you but does no damage.
You hit the rat but do no damage. The rat closely misses you.
The rat bites you but does no damage.
You hit the rat.
You kill the rat!
Things that are here:
a rat corpse; a leopard gecko corpse
Things that are here:
a short sword; a kobold corpse
g - a short sword Unknown command.
Found a dented pearl amulet and a leather armour.
Natasha, Servant of Life and Death comes into view.
Natasha hisses angrily.
Wield which item (- for none, * to show all)? (? for menu, Esc to quit)
g - a +0 short sword (weapon)
You aren't carrying any potions.
Unknown command.
Okay, then.
Found a blossoming altar of Fedhas.
Natasha claws you but does no damage.
You see here a dented pearl amulet.
h - a dented pearl amulet Natasha claws you but does no damage.
You hit Natasha but do no damage. Natasha claws you.
Put on which piece of jewellery? (? for menu, Esc to quit)
h - an amulet of harm (around neck) Natasha claws you.
You miss Natasha. Natasha claws you.
* * * LOW HITPOINT WARNING * * *
Your scale mail prevents you from hitting Natasha.
Natasha claws you!
You die...

#### #..# ############
##..####..).......#####
#....##................
..#..#..............P..
#.##†#............PPPPP
##.##..............PP_PP
#..##.#.........h..PPP.P
(...†...........@...PPP.
(<####..................
..# ##............#####
.## #####.######## . #.#
. #.# . .[ #


You could see Natasha.

Vanquished Creatures
  2 leopard geckos
  A ball python (D:1)
  3 hobgoblins (D:1)
  2 kobolds
  A bat (D:1)
  6 rats
15 creatures vanquished.

Notes
Turn   | Place    | Note
-------+----------+-------------------------------------------
     0 | D:1      | tidbits the High Elf Wanderer began the quest for the Orb.
     0 | D:1      | tidbits set off with: a +2 scale mail, a +0 hand axe, a scroll of teleportation, a bread ration
     0 | D:1      | Reached XP level 1. HP: 14/14 MP: 2/2
    22 | D:1      | Reached skill level 1 in Dodging
    90 | D:1      | Reached XP level 2. HP: 19/19 MP: 3/3
   188 | D:2      | Noticed Natasha
   190 | D:2      | Found a blossoming altar of Fedhas.
   197 | D:2      | Slain by Natasha

Skill      XL: |  1 |
---------------+----+-----
Dodging        | 1 |  1.9
Fighting       | |  2.3
Axes           | |  1.0
Throwing       | |  1.0
Armour         | |  4.5
Stealth        | |  1.1

Action                   || total
-------------------------++-------
Melee: Hand axe          ||    50
       Short sword       ||     3
Armor: Scale mail        ||    28
Dodge: Dodged            ||    29

Table legend:
 A = Turns spent in this place as a percentage of turns spent in the entire game.
 B = Non-inter-level travel turns spent in this place as a percentage of non-inter-level travel turns spent in the entire game.
 C = Inter-level travel turns spent in this place as a percentage of turns spent in this place.
 D = Turns resting spent in this place as a percentage of non-inter-level travel turns spent in this place.
 E = Turns spent auto-exploring this place as a percentage of non-inter-level travel turns spent in this place.
 F = Non-inter-level travel turns spent in this place divided by the number of levels of this place that you've seen.
                   A       B       C       D       E      F
               +-------+-------+-------+-------+-------+----------------------
         Total | 100.0 | 100.0 |   0.0 |   0.0 |   0.0 |  99.5
       Dungeon | 100.0 | 100.0 |   0.0 |   0.0 |   0.0 |  99.5
               +-------+-------+-------+-------+-------+----------------------

Table legend:
 A = Kills in this place as a percentage of kills in entire the game.
 B = Kills by you in this place as a percentage of kills by you in the entire game.
 C = Kills by friends in this place as a percentage of kills by friends in the entire game.
 D = Other kills in this place as a percentage of other kills in the entire game.
 E = Experience gained in this place as a percentage of experience gained in the entire game.
 F = Experience gained in this place divided by the number of levels of this place that you have seen.
                   A       B       C       D       E      F
               +-------+-------+-------+-------+-------+----------------------
         Total | 100.0 | 100.0 |  -nan |  -nan | 100.0 |  12.0
       Dungeon | 100.0 | 100.0 |  -nan |  -nan | 100.0 |  12.0
               +-------+-------+-------+-------+-------+----------------------

Vault maps used:
D:1:      dpeg_arrival_ratfight
D:2:      elyvilon_altar_4, first_bread, minmay_misc_feat_plants,
          fedhas_altar_3, uniq_natasha, uniq_robin
